 Dungeon Crawl Stone Soup version 0.29-a0-414-g5075937ec3 (webtiles) character file.

Game seed: 8579690434875704127

65 xian the Chiller (level 3, -10/16 HPs)
             Began as a Spriggan Ice Elementalist on May 15, 2022.
             Killed from afar by Ijyb (20 damage)
             ... with a bolt of acid
             ... on level 3 of the Dungeon.
             The game lasted 00:10:37 (1528 turns).

xian the Chiller (Spriggan Ice Elementalist)        Turns: 1528, Time: 00:10:38

Health: -10/16     AC:  6    Str:  4    XL:     3   Next: 92%
Magic:  4/9        EV: 17    Int: 18    God:
Gold:   176        SH:  0    Dex: 15    Spells: 5/9 levels left

rFire   . . .      SeeInvis +   c - +0 dagger (flame)
rCold   . . .      Faith    .   (no shield)
rNeg    . . .      Spirit   .   a - +0 robe
rPois   .          Reflect  .   (helmet restricted)
rElec   .          Harm     .   (no cloak)
rCorr   .          Rampage  .   (gloves unavailable)
Will    .....                   (boots unavailable)
Stlth   ++........              e - amulet of regeneration
HPRegen 0.85/turn               f - +4 ring of protection
MPRegen 0.11/turn               (no ring)

@: freezing walls, very quick
A: very small, no large weapons, unfitting armour, see invisible, speed 3
a: no special abilities


You were on level 3 of the Dungeon.
You visited 1 branch of the dungeon, and saw 4 of its levels.

You collected 176 gold pieces.

Inventory:

Hand Weapons
 c - a +0 dagger of flaming (weapon)
Missiles
 i - a throwing net
Armour
 a - a +0 robe (worn)
Jewellery
 e - an amulet of regeneration (around neck)
 f - a +4 ring of protection (left hand)
Scrolls
 g - 2 scrolls of identify {unknown}
 j - 2 scrolls of teleportation {unknown}
 l - a scroll of blinking {unknown}
 m - a scroll of brand weapon {unknown}
 n - a scroll of poison {unknown}
 q - a scroll of vulnerability {unknown}
 r - a scroll of acquirement {unknown}
Potions
 b - a potion of magic
 d - 3 potions of lignification {unknown}
 h - 2 potions of curing {unknown}
 k - 3 potions of flight {unknown}
 o - a potion of heal wounds {unknown}
 p - a potion of brilliance {unknown}


   Skills:
 + Level 3.2 Dodging
 + Level 3.1 Stealth
 + Level 3.5 Spellcasting
 + Level 4.1 Ice Magic


You had 5 spell levels left.
You knew the following spells:

 Your Spells              Type           Power      Damage    Failure   Level
a - Freeze                Ice            72%        1d9       2%          1
b - Frozen Ramparts       Ice            36%        1d5       9%          3

Your spell library contained the following spells:

 Spells                   Type           Power      Damage    Failure   Level
 Ozocubu's Armour         Ice            18%        N/A       9%          3
 Hailstorm                Conj/Ice       10%        3d5       54%         4


Dungeon Overview and Level Annotations

Branches:
Dungeon (4/15)
 Temple: D:4-7

Altars:

Annotations:
D:3 Ijyb


Innate Abilities, Weirdness & Mutations

You are very small and have problems with some larger weapons.
You are too small for most types of armour.
You have supernaturally acute eyesight. (SInv)
You cover ground extremely quickly. (Speed+++)


Message History

You are very lightly contaminated with residual magic.
Nothing appears to happen.
The kobold shouts!
You hear a shout!
The kobold hits you but does no damage.
Aiming: Freeze (safe; 2% risk of failure)
Press: ? - help, Q - select action, (/) - cycle Shift-Dir - straight line, f/p - kobold
Aim: a kobold, wielding a +0 dagger and quivering stones You freeze the kobold.
You kill the kobold!
Found a scroll labelled GAURAH TIYBBIO.
r - a scroll labelled LUTSUM QEC
Things that are here:
a +0 dagger; 23 stones Ijyb the Twisted Goblin comes into view.
She is wielding a +0 club and carrying a wand of acid (9).
Your magical contamination has completely faded away.
Casting: Freeze (safe; 2% risk of failure)
Confirm with . or Enter, or press ? or * to list all spells.
The spell is extremely dangerous to miscast (9% risk of failure)!
Continue anyway?
Okay, then.
Casting: Frozen Ramparts (extremely dangerous; 9% risk of failure)
Confirm with . or Enter, or press ? or * to list all spells.
The spell is extremely dangerous to miscast (9% risk of failure)!
Continue anyway?
Casting: Frozen Ramparts (extremely dangerous; 9% risk of failure)
Press: ? - help, Dir - look around, f - activate The walls around you are covered in ice.
The wall freezes Ijyb.
Ijyb hits you with a +0 club.
Your frozen ramparts will break if you move.
Continue?
Okay, then.
You hit Ijyb but do no damage.
Ijyb is lightly wounded.
The wall freezes Ijyb.
Ijyb hits you with a +0 club.
Aiming: Freeze (safe; 2% risk of failure)
Press: ? - help, Q - select action, (/) - cycle Shift-Dir - straight line, f - Ijyb
Aim: Ijyb, wielding a +0 club, wearing a +0 leather armour and carrying a wand of acid (9) (moderately wounded)
You freeze Ijyb.
Ijyb is heavily wounded.
The wall freezes Ijyb.
Ijyb zaps a wand.
The bolt of acid hits you!!
Ouch! That really hurt!
You die...

# #.# #.##..
...#..###.#.#. # #.
#.##.####.#..# .#.# ###
#. #.##.##....... .
..####.###............ .
.......#.)...........# #
.# ...#######...#.###.#
... ...####
#.....###.#..# .....(.
#..##).......## ...###.
#.....g@.......
.......?.......##..#..##
...###.###...#.. ..#
....... ..#..... ..#
..####.#####........ ###
###.##.... #.# #..#. #.
.....


You could see Ijyb.

Vanquished Creatures
  An adder (D:2)
  2 dart slugs
  An orc (D:3)
  6 bats
  5 endoplasms
  3 giant cockroaches
  4 goblins
  4 hobgoblins
  4 jackals (D:1)
  4 kobolds
  A quokka (D:2)
  4 ball pythons
  2 frilled lizards (D:1)
  4 rats
45 creatures vanquished.

Notes
Turn   | Place    | Note
-------+----------+-------------------------------------------
     0 | D:1      | xian the Spriggan Ice Elementalist began the quest for the
                  | Orb.
     0 | D:1      | Reached XP level 1. HP: 9/9 MP: 5/5
   319 | D:1      | Reached XP level 2. HP: 13/13 MP: 2/6
   749 | D:2      | Reached XP level 3. HP: 16/16 MP: 4/8
   798 | D:2      | Learned a level 3 spell: Frozen Ramparts
  1039 | D:2      | Reached skill level 4 in Ice Magic
  1195 | D:2      | You fall into a shaft and drop 2 floors!
  1524 | D:3      | Noticed Ijyb
  1528 | D:3      | Killed from afar by Ijyb

Illustrated notes

Levels and vault maps discovered:
D:1:      minmay_arrival_shattered_statue, layout_basic,
          minmay_stone_trees_small, minmay_crystal_room
D:2:      layout_rooms
D:3:      layout_basic, uniq_ijyb
D:4:      layout_loops_ring

Skill      XL: |  1  2  3 |
---------------+----------+-----
Spellcasting   | 3 |  3.5
Dodging        | 3 |  3.2
Ice Magic      | 4 |  4.1
Stealth        | |  3.1

Action                   || total
-------------------------++-------
Melee: Unarmed           ||     5
       Dagger            ||    28
 Cast: Freeze            ||    56
       Frozen Ramparts   ||     1
Armor: Robe              ||    17
Dodge: Dodged            ||    58

Table legend: (Time is in decaauts)
 A = Elapsed time spent in this place.
 B = Non-inter-level travel time spent in this place.
 C = Inter-level travel time spent in this place.
 D = Time resting spent in this place.
 E = Time spent auto-exploring this place.
 F = Levels seen in this place.
 G = Mean time per level.
                   A        B        C        D        E       F      G
               +--------+--------+--------+--------+--------+-----+--------+
         Total |   1153 |   1132 |     21 |      0 |    713 |   4 |  288.2 |
       Dungeon |   1153 |   1132 |     21 |      0 |    713 |   4 |  288.2 |
               +--------+--------+--------+--------+--------+-----+--------+

Top non-repeatable levels by time:
     D:1: 562 daAuts
     D:2: 344 daAuts
     D:3: 200 daAuts
     D:4: 44 daAuts
